AoeStats
← briantorresr25

Coastal Forest

510442361Analyzed
3v3 RM · 8h ago on Oct 1, 2026· 43m 53s· 6 players
Game mode
Random Map
Map size
Normal (6 player)
Population
200
Speed
Normal
Resources
Standard
Victory
Conquest
Starting age
Dark Age
Ending age
Imperial Age
RankedLock teamsTeams togetherTeam positionsShared explorationLock speedFull tech treeHidden civsTurbo modeCheats
Victory
Defeat
🇨🇴 Persians · Colombia
1091
+12
🇨🇴 Japanese · Colombia
1036
+14
🇲🇽 Portuguese · Mexico
1025
+16
🇦🇷 Spanish · Argentina
1000
-43
🇦🇷 Britons · Argentina
1000
-43
🇦🇷 Franks · Argentina
1000
-43
R_FACELESS
3:35 Loom
10:15 Feudal Age
10:56 Double-Bit Axe
19:48 Castle Age
20:50 Bow Saw
22:18 Gold Mining
29:52 Imperial Age
27:49 Fletching
28:19 Bodkin Arrow
30:39 Padded Archer Armor
31:48 Chemistry
32:46 Two-Man Saw
32:13 Murder Holes
33:21 Wheelbarrow
32:32 Town Watch
34:39 Hand Cart
34:59 Town Patrol
37:11 Bracer
39:09 Arquebus
41:04 Masonry
40:59 Siege Engineers
42:27 Elite Organ Gun
DCB
6:30 Loom
11:19 Feudal Age
12:12 Horse Collar
15:43 Double-Bit Axe
18:19 Castle Age
26:39 Wheelbarrow
32:50 Imperial Age
30:06 Town Watch
30:35 Heavy Plow
31:11 Kamandaran
31:57 Fletching
32:07 Padded Archer Armor
34:37 Hand Cart
34:23 Town Patrol
33:49 Crossbowman
35:07 Bow Saw
36:04 Thumb Ring
37:59 Two-Man Saw
37:00 Bodkin Arrow
37:20 Leather Archer Armor
38:00 Heavy Camel Rider
38:41 Husbandry
38:51 Bloodlines
39:42 Ring Archer Armor
39:18 Scale Barding Armor
42:42 Chain Barding Armor
42:33 Forging
42:23 Scale Mail Armor
41:49 Cavalier
43:28 Savar
briantorresr25
1:49 Loom
11:29 Feudal Age
17:13 Castle Age
16:25 Double-Bit Axe
16:25 Horse Collar
28:04 Forging
27:54 Scale Mail Armor
32:54 Imperial Age
30:52 Bow Saw
31:52 Heavy Plow
33:50 Chain Mail Armor
34:15 Ballistics
34:20 Fortified Wall
35:22 Murder Holes
37:46 Chemistry
36:50 Husbandry
37:33 Kataparuto
37:17 Yasama
38:16 Wheelbarrow
37:43 Cavalier
38:44 Caravan
39:14 Scale Barding Armor
39:40 Plate Mail Armor
41:52 Chain Barding Armor
42:08 Iron Casting
43:40 Hand Cart
43:11 Town Watch
jsu
7:50 Loom
9:36 Feudal Age
10:36 Double-Bit Axe
21:04 Fletching
21:01 Horse Collar
21:59 Wheelbarrow
23:26 Castle Age
25:52 Bow Saw
25:06 Crossbowman
25:46 Bodkin Arrow
27:25 Stone Mining
28:46 Heavy Plow
33:29 Hand Cart
33:50 Ballistics
38:06 Imperial Age
39:42 Yeomen
39:48 Conscription
41:12 Chemistry
Alphonse
11:09 Feudal Age
12:32 Gold Mining
12:29 Double-Bit Axe
13:20 Man-at-Arms
17:06 Forging
18:50 Stone Mining
22:09 Wheelbarrow
25:18 Castle Age
26:57 Crossbowman
29:32 Fletching
29:50 Scale Barding Armor
33:11 Imperial Age
32:23 Bodkin Arrow
32:57 Ballistics
33:44 Cranequins
36:32 Gold Shaft Mining
37:54 Chemistry
Cacho12346098
8:18 Loom
11:44 Feudal Age
12:32 Double-Bit Axe
13:33 Horse Collar
16:20 Scale Barding Armor
16:33 Forging
18:25 Wheelbarrow
24:39 Castle Age
24:40 Scale Barding Armor
24:57 Gold Mining
24:59 Stone Mining
26:33 Coinage
26:58 Hand Cart
27:04 Heavy Plow
27:17 Bow Saw
30:59 Husbandry
31:10 Bloodlines
32:22 Stone Shaft Mining
33:46 Ballistics
33:11 Fishing Lines
35:22 Iron Casting
35:08 Chain Barding Armor
44:11 Imperial Age
Connection lost

Rejoining the realm…

Still unreachable

The connection could not be restored.

Session expired

The server has moved on; the page needs a fresh start.